 Dungeon Crawl Stone Soup version 0.16.1-30-g34a7ffa (webtiles) character file.

340 Krapule the Insei (level 6, 0/46 HPs)
             Began as a Demonspawn Transmuter on June 22, 2015.
             Slain by Crazy Yiuf
             ... wielding a +4 quarterstaff of chaos
              (2 damage)
             ... on level 3 of the Dungeon.
             The game lasted 00:15:37 (4417 turns).

Krapule the Insei (Demonspawn Transmuter)           Turns: 4417, Time: 00:15:37

Health: 0/46       AC:  6    Str:  7    XL:     6   Next: 30%
Magic:  13/13      EV: 13    Int: 15    God:
Gold:   291        SH:  2    Dex: 17    Spells: 1 memorised, 10 levels left

rFire  + . .     SeeInvis .     s - +6 falchion of Havoc {vamp, rElec MR+ Str-4 Dex+3}
rCold  . . .     Clarity  .     h - +1 robe {rF+}
rNeg   . . .     SustAb   .     (no shield)
rPois  .         Gourm    .     (helmet restricted)
rElec  +         Spirit   .     n - +0 cloak
rCorr  .         Warding  .     (no gloves)
rMut   .         Stasis   .     (no boots)
MR     +....                    (no amulet)
Stlth  ++........               (no ring)
                                (no ring)

@: somewhat resistant to hostile enchantments, unstealthy
A: horns 1, large bone plates 1, powered by death 2
a: no special abilities


You were on level 3 of the Dungeon.
You were hungry.

You visited 1 branch of the dungeon, and saw 5 of its levels.

You collected 291 gold pieces.

Inventory:

Hand weapons
 s - the +6 falchion of Havoc (weapon) {vamp, rElec MR+ Str-4 Dex+3}
   (You found it on level 5 of the Dungeon)

   It inflicts no extra harm, but heals its wielder somewhat when it strikes a
   living foe.
   It affects your strength (-4).
   It affects your dexterity (+3).
   It insulates you from electricity.
   It affects your resistance to hostile enchantments.
Missiles
 b - 51 arrows
Armour
 h - a +1 robe of fire resistance (worn)
 n - a +0 cloak (worn)
Scrolls
 e - 9 scrolls of identify
 f - a scroll of blinking
 g - 4 scrolls of teleportation
 i - a scroll of fear {unknown}
 j - a scroll of enchant weapon {unknown}
 k - a scroll of random uselessness {unknown}
 l - a scroll of magic mapping {unknown}
 m - a scroll of remove curse
Potions
 q - a potion of heal wounds
Books
 d - a book of Changes

   Spells                             Type                      Level
   a - Beastly Appendage              Transmutation                1
   b - Sticks to Snakes               Transmutation                2
   c - Spider Form                    Transmutation/Poison         3
   d - Ice Form                       Ice/Transmutation            4
   e - Blade Hands                    Transmutation                5
Comestibles
 a - 2 bread rations
 c - 2 beef jerkies
 o - 5 fruits
 r - 2 slices of pizza


   Skills:
 + Level 2.7 Fighting
 + Level 3.1 Dodging
 + Level 3.8 Unarmed Combat
 + Level 3.2 Spellcasting
 + Level 3.1 Transmutations


You had 10 spell levels left.
You knew the following spells:

 Your Spells              Type           Power        Failure   Level  Hunger
a - Beastly Appendage     Trmt           ##....       8%          1    #......


Dungeon Overview and Level Annotations

Branches:
Dungeon (5/15)
 Temple: D:4-7

Altars:
Ru

Annotations:
D:3 Crazy Yiuf
D:4 Dowan; Duvessa; Razmath's ghost, average TeVM


Innate Abilities, Weirdness & Mutations

You have a pair of small horns on your head.
You are partially covered in large bone plates (AC +2, SH +2).
You can steal the life force of defeated enemies.


Message History

Crazy Yiuf shouts!
Crazy Yiuf zaps a wand.
The magic dart hits you!
It is a wand of magic darts.
Crazy Yiuf zaps a wand.
The magic dart hits you!
You slash Crazy Yiuf!
Crazy Yiuf is heavily wounded.
Crazy Yiuf hits you with a quarterstaff of chaos!
Crazy Yiuf freezes you.
You hit Crazy Yiuf but do no damage. You punch Crazy Yiuf, but do no damage.
Crazy Yiuf is heavily wounded.
Crazy Yiuf hits you with a quarterstaff of chaos!
* * * LOW HITPOINT WARNING * * *
Crazy Yiuf freezes you.
* * * LOW HITPOINT WARNING * * *
You are too injured to fight recklessly!
You slash Crazy Yiuf!
You feel better.
Crazy Yiuf is almost dead.
Crazy Yiuf zaps a wand.
The magic dart hits you!
Crazy Yiuf hits you with a quarterstaff of chaos!
* * * LOW HITPOINT WARNING * * *
You die...

#....# #.#
♣....♣ #.#
♣...♣♣ #.#
♣♣.♣♣ #.#
♣.♣♣ #.#
♣♣.♣ #.#
♣.♣♣ #.#
♣♣.♣
#.#########
#@#
#.........##
#.g.#
#.....###.(.
#...#
#.##### ####
#..)# #.# ##
##### #.# #.
#.# #. #.#
#.
#.#########.
. #.....##.


You could see Crazy Yiuf.

Vanquished Creatures
  Sigmund (D:3)
  A crimson imp (D:5)
  A centaur skeleton (D:4)
  An iguana (D:5)
  2 worker ants
  3 adders
  2 worms (D:3)
  6 giant geckos
  4 orcs (D:4)
  5 bats
  3 giant cockroaches (D:1)
  20 goblins
  12 hobgoblins
  3 jackals (D:2)
  2 quokkas
  A ball python (D:1)
  5 giant newts
  10 kobolds
  7 rats
89 creatures vanquished.

Notes
Turn   | Place    | Note
--------------------------------------------------------------
     0 | D:1      | Krapule, the Demonspawn Transmuter, began the quest for the Orb.
     0 | D:1      | Reached XP level 1. HP: 15/15 MP: 3/3
   615 | D:1      | Gained mutation: You are partially covered in large bone plates (AC +2, SH +2). [demonic ancestry]
   615 | D:1      | Reached XP level 2. HP: 12/21 MP: 4/4
  1295 | D:1      | Reached skill level 3 in Unarmed Combat
  1496 | D:2      | Gained mutation: You can steal the life force of nearby defeated enemies. [demonic ancestry]
  1496 | D:2      | Reached XP level 3. HP: 24/26 MP: 6/6
  2365 | D:2      | Gained mutation: You have a pair of small horns on your head. [demonic ancestry]
  2365 | D:2      | Reached XP level 4. HP: 27/32 MP: 8/8
  2807 | D:3      | Noticed Sigmund
  3218 | D:4      | Noticed Duvessa
  3219 | D:4      | Noticed Dowan
  3536 | D:5      | Entered Level 5 of the Dungeon
  3727 | D:5      | Got a smoking falchion
  3731 | D:5      | Identified the +6 falchion of Havoc {vamp, rElec MR+ Str-4 Dex+3} (You found it on level 5 of the Dungeon)
  3836 | D:5      | Gained mutation: You can steal the life force of defeated enemies. [demonic ancestry]
  3836 | D:5      | Reached XP level 5. HP: 26/38 MP: 10/10
  4037 | D:4      | Found a sacrificial altar of Ru.
  4155 | D:4      | Noticed Razmath's ghost (average TeVM)
  4242 | D:3      | Killed Sigmund
  4242 | D:3      | Reached XP level 6. HP: 44/46 MP: 13/13
  4411 | D:3      | Noticed Crazy Yiuf
  4417 | D:3      | HP: 2/46 [Crazy Yiuf/quarterstaff of chaos (13)]
  4417 | D:3      | Slain by Crazy Yiuf

Action                   |  1- 3 |  4- 6 || total
-------------------------+-------+-------++-------
Melee: Unarmed           |   211 |    94 ||   305
       Falchion          |       |    77 ||    77
  Use: Potion            |     3 |     2 ||     5
       Scroll            |       |     3 ||     3
  Eat: Bread ration      |     1 |       ||     1
       Chunk             |       |     6 ||     6
       Meat ration       |       |     1 ||     1
